 Dungeon Crawl Stone Soup version 0.28-a0-1002-gf00fe891ef (webtiles) character file.

Game seed: 3978087832003456790

93 fragbeetle the Skirmisher (level 4, -4/41 HPs)
             Began as a Minotaur Fighter on Dec 7, 2021.
             Slain by an orc wizard (16 damage)
             ... on level 3 of the Dungeon.
             The game lasted 00:05:01 (2217 turns).

fragbeetle the Skirmisher (Minotaur Fighter)        Turns: 2217, Time: 00:05:02

Health: -4/41      AC:  8    Str: 20    XL:     4   Next: 37%
Magic:  3/3        EV:  9    Int:  7    God:
Gold:   114        SH:  0    Dex: 10    Spells: 3/3 levels left

rFire   . . .      SeeInvis .   i - +0 mace (protect)
rCold   . . .      Faith    .   c - +0 buckler
rNeg    . . .      Spirit   .   b - +0 scale mail
rPois   .          Reflect  .   (helmet restricted)
rElec   .          Harm     .   (no cloak)
rCorr   .          Rampage  .   (no gloves)
Will    .....                   n - +0 pair of boots
Stlth   ..........              j - amulet of the acrobat
HPRegen 0.13/turn               (no ring)
MPRegen 0.08/turn               (no ring)

@: confused
A: horns 2, retaliatory headbutt
a: no special abilities


You were on level 3 of the Dungeon.
You visited 1 branch of the dungeon, and saw 4 of its levels.

You collected 114 gold pieces.

Inventory:

Hand Weapons
 a - a +0 war axe
 i - a +0 mace of protection (weapon)
Missiles
 g - 6 silver boomerangs (quivered)
Armour
 b - a +0 scale mail (worn)
 c - a +0 buckler (worn)
 n - a +0 pair of boots (worn)
Jewellery
 j - an amulet of the acrobat (around neck)
Scrolls
 h - a scroll of identify {unknown}
 l - a scroll of fear {unknown}
 o - a scroll of immolation {unknown}
 q - a scroll of amnesia {unknown}
Potions
 d - a potion of might
 e - a potion of curing {unknown}
 f - 2 potions of brilliance {unknown}
 k - a potion of magic {unknown}
 m - 2 potions of flight {unknown}
 p - a potion of lignification {unknown}


   Skills:
 + Level 4.3 Fighting
 + Level 3.3(3.5) Axes
 + Level 1.7(2.8) Maces & Flails
 + Level 4.3 Armour
 + Level 4.3 Shields


You had 3 spell levels left.
You didn't know any spells.
Your spell library contained the following spells:

 Spells                   Type           Power      Damage    Failure   Level
 Magic Dart               Conj           0%         1d3       77%         1
 Sting                    Tmut/Pois      0%         1d3       77%         1
 Passwall                 Tmut/Erth      0%         N/A       88%         2
 Poisonous Vapours        Pois/Air       0%         N/A       88%         2
 Searing Ray              Conj           0%         2d4       88%         2
 Swiftness                Air            0%         N/A       98%         3
 Fulminant Prism          Conj/Hex       0%         3d6       100%        4
 Olgreb's Toxic Radiance  Pois           0%         N/A       100%        4


Dungeon Overview and Level Annotations

Branches:
Dungeon (4/15)
 Temple: D:4-7

Altars:


Innate Abilities, Weirdness & Mutations

You have a pair of horns on your head.
You reflexively headbutt those who attack you in melee.


Message History

The puff of flame hits you!
A nearby plant withers and dies.
Something hits the plant.
The plant begins to die.
Found 2 large rocks and a robe.
Found a stone staircase leading up.
Found a scroll labelled WUCSEA YVVUG.
There is a stone staircase leading down here.
You climb downwards.
Reactivating autopickup.
The orc shouts!
The ball python hisses angrily.
The ogre shouts!
There is a stone staircase leading up here.
You climb upwards.
You block the orc's attack.
There is a stone staircase leading down here.
You closely miss the orc. You block the orc's attack.
You completely miss the orc. Your headbutt misses the orc.
The orc hits you but does no damage.
You barely miss the orc. Your headbutt misses the orc.
The orc hits you but does no damage. You block the orc's attack.
You closely miss the orc. The orc hits you but does no damage.
Something hits you but does no damage.
Deactivating autopickup; reactivate with Ctrl-A.
The orc hits you with a +0 flail. The orc barely misses you.
You furiously retaliate!
You headbutt the orc!
You kill the orc!
You hit the orc.
Your weapon exudes an aura of protection.
You headbutt the orc.
The orc is severely wounded.
You hear some strange, mumbled words.
You are confused.
The orc hits you but does no damage.
You bump into the rock wall.
Something completely misses you. The orc hits you but does no damage.
You're too confused to move!
You hear some strange, mumbled words.
Something tries to affect you, but you resist.
The orc hits you but does no damage.
You bump into the rock wall.
Something hits you.
* * * LOW HITPOINT WARNING * * *
You are electrocuted!
You die...

...# .###?#... ♣P♣
........# .. . ...#.#..#
..♣... .[......# .♣...P.
. ...#....#....P.... ♣
#.......#PP.....P.♣♣ .♣♣
..#....@o..P.......♣♣ .S
.<....).##.......♣..♣♣ ♣
..#......PP..###.P...♣♣≈
#........P.P.#)#..♣.♣.§♣
........#....#'#..P♣.♣♣P
##....#.#.P..........PP.
#....#.##..P.........P.
#....#(#.P.......8.....
#..###.###.............


You could see an orc.

Vanquished Creatures
  Robin (D:3)
  A gnoll (D:3)
  An adder (D:2)
  A dart slug (D:2)
  4 orcs (D:3)
  5 endoplasms
  2 giant cockroaches (D:1)
  7 goblins
  7 hobgoblins
  5 jackals
  2 quokkas
  2 ball pythons
  2 bats
  3 frilled lizards
  5 kobolds
  6 rats
54 creatures vanquished.

Vanquished Creatures (others)
  32 plants (D:3)
32 creatures vanquished.

Grand Total: 86 creatures vanquished

Notes
Turn   | Place    | Note
-------+----------+-------------------------------------------
     0 | D:1      | fragbeetle the Minotaur Fighter began the quest for the
                  | Orb.
     0 | D:1      | Reached XP level 1. HP: 19/19 MP: 0/0
   126 | D:1      | Reached XP level 2. HP: 21/27 MP: 1/1
  1196 | D:2      | Reached XP level 3. HP: 31/33 MP: 2/2
  2068 | D:3      | Noticed Robin
  2085 | D:3      | Killed Robin
  2086 | D:3      | Reached skill level 1 in Maces & Flails
  2087 | D:3      | Reached XP level 4. HP: 38/40 MP: 3/3
  2207 | D:4      | Noticed an ogre
  2217 | D:3      | Slain by an orc wizard

Illustrated notes

Levels and vault maps discovered:
D:1:      wheals_arrival_linesprint, layout_basic
D:2:      layout_basic, grunt_decor_cap
D:3:      wad_woods_settlement, layout_basic, uniq_robin
D:4:      layout_cave_pools

Skill      XL: |  1  2  3 |
---------------+----------+-----
Shields        | 4 |  4.3
Fighting       | 4 |  4.3
Armour         | 4 |  4.3
Axes           | 3 |  3.3
Maces & Flails | 1 |  1.7

Action                   |  1- 3 |  4- 6 || total
-------------------------+-------+-------++-------
Melee: War axe           |    42 |       ||    42
       Headbutt          |    14 |     5 ||    19
       Mace              |    46 |    30 ||    76
Armor: Scale mail        |    44 |    13 ||    57
Dodge: Dodged            |    35 |    13 ||    48
Block: Buckler           |    21 |     7 ||    28

Table legend: (Time is in decaauts)
 A = Elapsed time spent in this place.
 B = Non-inter-level travel time spent in this place.
 C = Inter-level travel time spent in this place.
 D = Time resting spent in this place.
 E = Time spent auto-exploring this place.
 F = Levels seen in this place.
 G = Mean time per level.
                   A        B        C        D        E       F      G
               +--------+--------+--------+--------+--------+-----+--------+
         Total |   2254 |   2233 |     21 |      0 |   1629 |   4 |  563.5 |
       Dungeon |   2254 |   2233 |     21 |      0 |   1629 |   4 |  563.5 |
               +--------+--------+--------+--------+--------+-----+--------+

Top non-repeatable levels by time:
     D:1: 1099 daAuts
     D:2: 814 daAuts
     D:3: 339 daAuts
     D:4: 1 daAuts
